Map: 16 bits EC

Players

zuka - Winner!

  • Race: Protoss Protoss
  • League: Master
  • Spawn Location: 7:00

Neuro

  • Race: Zerg Zerg
  • League: Master
  • Spawn Location: 1:00

VOD

Have the link to the VOD?

Description

Time

  • Played on: May 22, 2018, 4 p.m.
  • Length: 9:58
Show
View Real Time Build Order
Export as new Build Order

zuka Protoss - Winner!

Build Orders: 1 Gate Expand, Dark Templar Rush 

Get SALT Encoding   

  12  0:00  Probe  
  13  0:13  Probe  
  14  0:18  Pylon  
  14  0:23  Probe  
  15  0:32  Probe  
  15  0:40  Gateway  
  15  0:41  Probe  
  16  0:49  Assimilator  
  17  0:52  Probe  
  18  1:00  Probe  
  18  1:08  Probe  
  20  1:27  Nexus  
  20  1:36  Cybernetics Core  
  20  1:40  Probe  
  21  1:48  Assimilator  
  21  1:52  Probe  
  22  1:55  Pylon  
  22  2:04  Probe  
  23  2:13  Stalker  
  23  2:14  Warp Gate  
  25  2:16  Probe  
  26  2:24  Probe  
  27  2:30  Twilight Council  
  27  2:32  Probe  
  28  2:39  Probe  
  28  2:43  Adept, Probe  
  32  2:51  Probe  
  32  2:55  Probe  
  34  3:04  Probe  
  35  3:07  Probe  
  35  3:12  Robotics Facility  
  36  3:16  Probe  
  39  3:26  Probe  
  38  3:28  Dark Shrine, Probe  
  39  3:34  Sentry  
  39  3:38  Probe  
  39  3:40  Probe  
  43  3:44  Resonating Glaives  
  43  3:48  Warp Prism  
  43  3:50  Probe  
  43  3:54  Pylon  
  45  3:56  Gateway  
  45  3:57  Gateway  
  46  4:05  Pylon  
  46  4:12  Gateway  
  46  4:15  Immortal  
  46  4:20  Gateway  
  46  4:24  Sentry  
  52  4:32  Pylon  
  52  4:34  Gateway  
  52  4:37  Gateway  
  52  4:49  Sentry  
  52  4:51  Gateway  
  54  4:54  Immortal  
  54  4:55  Adept  
  54  4:57  Adept  
  62  5:08  Pylon  
  62  5:22  Adept x3  
  68  5:39  Adept x2  
  68  5:40  Adept x2  
  68  5:42  Pylon  
  76  5:47  Pylon  
  76  5:48  Pylon  
  76  5:49  Adept  
  78  6:02  Adept x4  
  86  6:08  Adept x3  
  82  6:34  Warp Prism  
  76  6:45  Adept  
  76  6:46  Adept x5  
  76  6:47  Adept x2  
  68  7:07  Charge  
  62  7:17  Adept x2  
  62  7:18  Adept x2  
  62  7:19  Zealot x3  
  76  7:42  Adept x4  
  76  7:43  Zealot, Adept  
  76  7:44  Zealot x2  
  88  8:01  Adept x2  
  88  8:02  Adept x2  
  80  8:06  Adept  
  66  8:21  Zealot x3  
  66  8:22  Zealot x3  
  66  8:23  Zealot  
  80  8:42  Zealot x2  
  80  8:46  Zealot x2  
  80  8:47  Zealot x4  
  92  9:12  Zealot x5  
  92  9:13  Zealot  
  88  9:28  Stalker x2  
  82  9:34  Stalker x2  
  80  9:41  Stalker x2  
Show
View Real Time Build Order
Export as new Build Order

Neuro Zerg 

Build Orders: Hatch First 

Get SALT Encoding   

  12  0:01  Drone  
  13  0:13  Overlord  
  13  0:17  Drone  
  14  0:31  Drone x2  
  14  0:35  Drone  
  17  0:53  Hatchery  
  17  0:56  Drone  
  17  1:01  Drone  
  18  1:11  Extractor  
  17  1:17  Spawning Pool  
  16  1:18  Drone  
  16  1:22  Drone  
  18  1:31  Drone  
  19  1:40  Drone  
  20  1:53  Drone  
  21  2:03  Drone  
  21  2:05  Queen  
  21  2:06  Drone, Queen  
  27  2:14  Overlord  
  27  2:15  Metabolic Boost  
  27  2:23  Zergling x2  
  28  2:37  Hatchery  
  27  2:40  Drone x2  
  29  2:46  Drone x2  
  29  2:47  Drone  
  32  2:51  Drone  
  32  2:54  Zergling x2  
  34  3:04  Overlord  
  34  3:06  Drone  
  34  3:10  Queen  
  34  3:11  Evolution Chamber  
  36  3:13  Overlord  
  36  3:33  Drone x5  
  41  3:45  Lair  
  41  3:48  Extractor  
  40  3:49  Drone x6  
  40  3:51  Roach Warren  
  45  3:57  Queen  
  45  4:00  Drone x2  
  49  4:03  Overlord  
  49  4:06  Overlord  
  49  4:15  Overlord  
  49  4:20  Spore Crawler, Queen  
  49  4:21  Spore Crawler  
  49  4:23  Spore Crawler  
  48  4:25  Drone  
  49  4:35  Drone x2  
  49  4:36  Overlord  
  51  4:43  Roach x4  
  59  4:46  Glial Reconstitution  
  59  4:52  Overlord  
  59  4:53  Drone x2  
  61  5:01  Overseer  
  61  5:05  Drone x6  
  67  5:10  Roach x2  
  71  5:20  Drone x2  
  73  5:22  Roach x4  
  81  5:31  Overseer  
  80  5:37  Zergling x14  
  80  5:39  Queen  
  80  5:42  Overlord  
  89  5:47  Overlord x2  
  89  5:55  Overlord x3  
  89  6:00  Queen  
  89  6:02  Ravager x3  
  89  6:03  Zergling x6  
  97  6:06  Zergling x6  
  97  6:10  Zergling x6  
  103  6:14  Overlord x2  
  103  6:15  Zergling x2  
  103  6:17  Ravager  
  105  6:24  Zergling x6  
  89  6:34  Zergling x2  
  89  6:35  Zergling x10  
  88  6:45  Zergling x10  
  88  6:46  Zergling x2  
  88  6:50  Queen x2  
  88  6:53  Zerg Missile Weapons Level 1, Extractor  
  78  6:57  Roach x3  
  78  6:58  Roach  
  80  7:09  Roach  
  80  7:10  Roach x2  
  80  7:14  Roach  
  85  7:16  Zergling x8  
  85  7:17  Queen  
  85  7:20  Roach  
  93  7:23  Drone x4  
  93  7:25  Queen  
  93  7:26  Queen  
  93  7:27  Roach  
  103  7:38  Roach  
  103  7:39  Roach x3  
  111  7:44  Zergling x8  
  111  7:47  Extractor  
  114  7:58  Roach x5  
  95  8:09  Roach x5, Zergling x6  
  95  8:15  Roach x2  
  95  8:19  Queen x2  
  88  8:28  Roach x3  
  88  8:33  Roach x2  
  97  8:38  Zergling x4  
  97  8:39  Zergling x4  
  99  8:48  Hatchery  
  98  8:49  Roach x2  
  98  8:54  Roach x2  
  98  8:55  Roach  
  104  9:01  Roach x3  
  84  9:22  Roach x3  
  84  9:23  Roach  
  78  9:25  Roach  
  78  9:28  Roach x3  
  73  9:34  Roach  
  53  9:39  Roach x4  
Tags
 
Add a new tag
Caveats
  • Supply blocks, unpowered buildings, or Contaminate may cause inaccurate times.
  • Supply counts are checked every 10 seconds.